cohdb
Replays
Latest Replays
All Replays
Popular Replays
Top Player Replays
Match Explorer
How It Works
Community
CoH3 Stats
Reddit
Sign in to upload your games and track your stats! →
Sign in with Steam
Match 42426524
Unlisted
Match 42426524
Overview
Messages
Build Orders
End
Construct Infanterie Kompanie
Kettenkrad Recon Vehicle
Selects Terror Battlegroup
Selects Machine Gun Camouflage
MG 42 Machine Gun Team
MG 42 Machine Gun Team
GrW 34 Mortar Team
MG 42 Bunker
Construct Panzergrenadier Kompanie
251 Medium Carrier
251 Medium Carrier
Pak 40 Anti-tank Gun Team
Panzergrenadier Squad
Panzergrenadier Officer Quarters
Support Elements
Panzergrenadier Squad
Selects Defend the Fatherland
Panzergrenadier Squad
Panzergrenadier Squad
Selects Contempt for the Weak
CoH3 enjoyer
FIRESTARTER [ANVIL]
Spoks [ANVIL]
Kpoji4er
Kylen
runningDuck
Deamonik
msfayzer
0
0
Comments
sign in to comment!
No comments posted yet!